 Dungeon Crawl Stone Soup version 0.31-a0-662-g684573625c (webtiles) character file.

Game seed: 17749588568833719833

301 GigaChad the Shield-Bearer (level 6, 0/49 HPs)
             Began as a Formicid Fighter on Sept 1, 2023.
             Succumbed to an adder's poison
             ... in a sewer.
             The game lasted 00:03:17 (2631 turns).

GigaChad the Shield-Bearer (Formicid Fighter)       Turns: 2631, Time: 00:03:17

Health: 0/49       AC:  7    Str: 22    XL:     6   Next: 64%
Magic:  6/6        EV:  9    Int:  8    God:
Gold:   97         SH:  6    Dex: 13    Spells: 5/5 levels left

rFire   . . .        i - +3 scythe (venom)
rCold   . . .        c - +1 buckler
rNeg    . . .        b - +0 scale mail
rPois   .            (helmet unavailable)
rElec   .            (no cloak)
rCorr   .            (no gloves)
SInv    +            (no boots)
Will    .....        (no amulet) Stlth
                     (no ring)
HPRegen 0.28/turn    (no ring)
MPRegen 0.10/turn

%: no passive effects
@: lethally poisoned (0 -> -4)
A: permanent stasis, dig shafts and tunnels, antennae 3, four strong arms
a: Dig


You were in a sewer.
You visited 1 branch of the dungeon, and saw 3 of its levels.
You also visited: Sewer.

You collected 97 gold pieces.

Inventory:

Hand Weapons
 a - a +0 war axe
 i - a +3 scythe of venom (weapon)
 k - a +0 orcbow
Armour
 b - a +0 scale mail (worn)
 c - a +1 buckler (worn)
Wands
 o - a wand of iceblast (1)
Scrolls
 e - 2 scrolls of vulnerability {unknown}
 h - a scroll of teleportation
 j - a scroll of identify {unknown}
 m - a scroll of summoning {unknown}
Potions
 d - a potion of might
 f - a potion of haste {unknown}
 g - 2 potions of heal wounds {unknown}
 l - 2 potions of enlightenment {unknown}
 n - a potion of invisibility {unknown}


   Skills:
 * Level 4.3 Fighting
 * Level 4.4(4.6) Axes
 * Level 1.5(3.2) Polearms
 * Level 4.3 Armour
 * Level 4.9 Shields


You had 5 spell levels left.
You didn't know any spells.
Your spell library contained the following spells:

 Spells                   Type           Power      Damage    Failure   Level
 Apportation              Tloc           0%         N/A       80%         1
 Necrotise                Necr           0%         1d4       80%         1
 Summon Small Mammal      Summ           0%         N/A       80%         1


Dungeon Overview and Level Annotations

Branches:
Dungeon (3/15)              Sewer (1/1)

Altars:


Innate Abilities, Weirdness & Mutations

You cannot be hasted, slowed, berserked, paralysed or teleported.
You can dig through walls and to a lower floor.
You have a pair of large antennae on your head. (SInv)
Your four strong arms can wield two-handed weapons with a shield.


Message History

Your unstable footing causes you to fumble your attack.
You block the adder's attack. The ball python bites you.
The ball python constricts you. The adder bites you but does no damage.
The rat bites you but does no damage. You block the rat's attack.
The adder bites you.
* * * LOW HITPOINT WARNING * * *
You block the rat's attack.
The ball python bites you but does no damage.
The ball python constricts you. The adder bites you.
* * * LOW HITPOINT WARNING * * *
You hit the ball python.
You kill the ball python!
The adder bites you but does no damage. The rat closely misses you.
You block the rat's attack. x2; The adder barely misses you.
The adder bites you but does no damage.
The ball python bites you but does no damage.
The ball python grabs you. The ball python constricts you.
Your unstable footing causes you to fumble your attack.
The adder bites you but does no damage.
The rat bites you but does no damage. x2
The rat bites you.
* * * LOW HITPOINT WARNING * * *
You block the adder's attack.
The ball python bites you but does no damage.
The ball python constricts you.
* * * LOW HITPOINT WARNING * * *
The adder bites you but does no damage. The rat bites you.
* * * LOW HITPOINT WARNING * * *
The rat bites you but does no damage.
The rat splashes around in the water.
The adder bites you.
* * * LOW HITPOINT WARNING * * *
You are lethally poisoned!
The adder poisons you!
You puncture the ball python!
You kill the ball python!
* * * LOW HITPOINT WARNING * * *
You feel sick.
You block the adder's attack. x2; The rat closely misses you.
The rat bites you but does no damage. The rat bites you.
* * * LOW HITPOINT WARNING * * *
The adder bites you but does no damage.
You die...

≈≈≈≈~#
#≈....##
≈≈#~.#
#...).≈#
≈≈~≈~#
##....≈#
≈≈~~~#
#≈≈≈~~~#
≈≈≈~~#
#≈≈≈≈≈~#
≈~~#≈#
#≈≈≈~†≈#
≈~~≈≈#
#≈≈~r~≈#
~~~≈≈#
#~~~S~S#
.....#
#...r@r#
.....#
#......#
....##
##......#
....#
#.......#,
.†.##
##........
####
####......
# ###...#
####


You could see 2 adders and 3 rats.

Vanquished Creatures
  Sigmund (D:2)
  3 adders
  3 river rats
  A worm (D:3)
  2 dart slugs (D:1)
  5 endoplasms
  3 giant cockroaches
  5 goblins
  4 hobgoblins
  3 jackals (D:1)
  6 quokkas
  14 ball pythons
  6 bats
  3 frilled lizards
  6 kobolds
  32 rats
97 creatures vanquished.

Notes
Turn   | Place    | Note
-------+----------+-------------------------------------------
     0 | D:1      | GigaChad the Formicid Fighter began the quest for the Orb.
     0 | D:1      | Reached XP level 1. HP: 18/18 MP: 1/1
    53 | D:1      | Reached XP level 2. HP: 21/24 MP: 2/2
   358 | D:1      | Reached XP level 3. HP: 29/29 MP: 3/3
   880 | D:2      | Noticed Sigmund
   890 | D:2      | Killed Sigmund
   891 | D:2      | Reached XP level 4. HP: 21/37 MP: 4/4
   891 | D:2      | Reached XP level 5. HP: 24/42 MP: 5/5
   891 | D:2      | Reached XP level 6. HP: 28/48 MP: 6/6
  2145 | D:3      | Reached skill level 1 in Polearms
  2155 | D:3      | Found a glowing drain.
  2322 | Sewer    | Entered a sewer
  2630 | Sewer    | HP: 2/49 [rat (1)]
  2631 | Sewer    | Succumbed to an adder's poison

Illustrated notes

Levels and vault maps discovered:
D:1:      dpeg_arrival_pits, layout_basic
D:2:      minmay_evil_eye, layout_loops_corners, st_stairs_12, uniq_sigmund
D:3:      layout_loops_ring, beargit_hepliaklqana_dungeon_heroes,
          mainiacjoe_overflow_alcove_2, portal_sewer_entry_b
Sewer:    sewer_minmay_w

Skill      XL: |  1  2  3  4  5  6 |
---------------+-------------------+-----
Fighting       | 4 |  4.3
Axes           | 4 |  4.4
Armour         | 4 |  4.3
Polearms       | 1 |  1.5
Shields        | |  4.9

Action                     |  1- 3 |  4- 6 || total
---------------------------+-------+-------++-------
  Melee: War axe           |    81 |       ||    81
         Halberd           |       |   156 ||   156
    Use: Scroll            |       |     4 ||     4
 Armour: Scale mail        |    53 |   204 ||   257
  Dodge: Dodged            |    39 |   123 ||   162
  Block: Buckler           |    18 |    84 ||   102

Table legend: (Time is in decaauts)
 A = Elapsed time spent in this place.
 B = Non-inter-level travel time spent in this place.
 C = Inter-level travel time spent in this place.
 D = Time resting spent in this place.
 E = Time spent auto-exploring this place.
 F = Levels seen in this place.
 G = Mean time per level.
                   A        B        C        D        E       F      G
               +--------+--------+--------+--------+--------+-----+--------+
         Total |   2747 |   2632 |    115 |    357 |   1670 |   4 |  686.8 |
       Dungeon |   2385 |   2270 |    115 |    245 |   1594 |   3 |  795.0 |
         Sewer |    362 |    362 |      0 |    112 |     76 |   1 |  362.0 |
               +--------+--------+--------+--------+--------+-----+--------+

Top non-repeatable levels by time:
     D:2: 1082 daAuts
     D:1: 810 daAuts
     D:3: 492 daAuts
   Sewer: 362 daAuts
